Map: Artillería pesada EE

Players

MrFercho - Winner!

  • Race: Zerg Zerg
  • League: Gold
  • Spawn Location: 3:00

tigro - Winner!

  • Race: Terran Terran
  • League: Bronze
  • Spawn Location: 1:00

Vicious

  • Race: Protoss Protoss
  • Spawn Location: 7:00

snakebite

  • Race: Terran Terran
  • Spawn Location: 7:00

VOD

Have the link to the VOD?

Description

Time

  • Played on: Aug. 23, 2020, 9:26 p.m.
  • Length: 5:11
Show
View Real Time Build Order
Export as new Build Order

MrFercho Zerg - Winner!

Build Orders: Pool Only 

Get SALT Encoding   

  12  0:19  Spawning Pool  
  11  0:22  Drone  
  12  0:31  Overlord  
  12  0:35  Drone  
  13  0:40  Drone  
  14  0:50  Drone  
  14  0:56  Drone  
  16  1:07  Queen  
  16  1:09  Zergling x2  
  19  1:30  Zergling x4  
  21  1:48  Zergling x2  
  22  1:54  Extractor  
  22  1:56  Overlord  
  22  2:01  Zergling x2  
  22  2:19  Drone  
  23  2:23  Zergling x6  
  26  2:37  Zergling x4  
  28  2:46  Zergling x2  
  29  2:56  Drone  
  29  2:57  Overlord  
  29  2:58  Overlord  
  30  3:08  Overlord  
  30  3:17  Drone  
  31  3:42  Drone x2  
  33  3:57  Zergling x6  
  33  4:17  Drone  
  33  4:18  Drone x3  
  36  4:43  Zergling x6  
Show
View Real Time Build Order
Export as new Build Order

tigro Terran - Winner!

Build Orders:  

Get SALT Encoding   

  12  0:17  SCV  
  13  0:25  Supply Depot  
  13  0:29  SCV  
  14  0:41  SCV  
  15  0:47  Supply Depot  
  15  0:51  Barracks  
  15  0:59  SCV  
  16  1:11  SCV  
  17  1:22  Refinery  
  17  1:23  SCV  
  18  1:26  Refinery  
  18  1:35  SCV  
  19  1:50  SCV  
  19  1:52  Marine  
  21  2:02  SCV  
  22  2:10  Marine  
  22  2:15  SCV  
  24  2:16  Engineering Bay  
  24  2:27  SCV  
  24  2:28  Marine  
  24  2:29  Factory  
  26  2:46  Marine  
  26  2:50  Orbital Command  
  27  2:57  Terran Infantry Weapons Level 1  
  27  3:03  Marine  
  28  3:13  Factory Tech Lab  
  28  3:26  Command Center  
  28  3:35  Siege Tank  
  31  3:48  Barracks Tech Lab  
  31  4:07  Siege Tank  
  34  4:11  Marine  
  35  4:29  Marine  
  39  4:47  Marine  
Show
View Real Time Build Order
Export as new Build Order

Vicious Protoss 

Build Orders:  

Get SALT Encoding   

  12  0:09  Pylon  
  12  0:12  Probe (Chrono Boost)  
  14  0:22  Probe (Chrono Boost)  
  14  0:27  Probe (Chrono Boost)  
  14  0:34  Gateway  
  15  0:41  Probe  
  16  0:52  Assimilator  
  16  0:53  Probe  
  17  1:06  Probe  
  18  1:18  Probe  
  19  1:21  Cybernetics Core  
  19  1:30  Probe  
  19  1:53  Pylon  
  19  1:55  Nexus  
  19  2:02  Probe  
  20  2:08  Assimilator  
  20  2:09  Warp Gate  
  20  2:15  Probe  
  21  2:18  Stalker  
  23  2:27  Probe  
  24  2:49  Robotics Facility  
  24  3:07  Pylon  
  24  3:10  Probe (Chrono Boost)  
  24  3:11  Probe (Chrono Boost)  
  28  3:20  Probe (Chrono Boost)  
  28  3:21  Probe (Chrono Boost)  
  28  3:25  Probe x2 (Chrono Boost)  
  29  3:33  Stargate  
  30  3:35  Probe  
  30  3:37  Probe  
  32  3:42  Assimilator  
  32  3:47  Probe  
  33  3:49  Probe  
  33  3:52  Pylon  
  33  3:54  Pylon  
  34  3:56  Pylon  
  34  4:00  Probe  
  34  4:01  Probe  
  34  4:02  Stalker  
  38  4:13  Probe  
Show
View Real Time Build Order
Export as new Build Order

snakebite Terran 

Build Orders: 1/1/1 

Get SALT Encoding   

  12  0:01  SCV  
  13  0:17  Supply Depot  
  13  0:18  SCV  
  14  0:30  SCV  
  15  0:43  Barracks  
  15  0:44  SCV  
  15  0:49  Refinery  
  16  0:53  Refinery  
  16  1:04  SCV  
  17  1:26  SCV  
  17  1:30  Supply Depot  
  18  1:38  Factory  
  19  1:42  Orbital Command  
  18  1:47  Marine  
  19  2:06  Marine  
  20  2:24  Engineering Bay  
  20  2:29  Starport  
  20  2:30  Factory Reactor  
  20  2:31  SCV  
  20  2:33  Marine  
  22  2:56  Command Center  
  22  3:11  Missile Turret  
  22  3:15  SCV  
  22  3:18  Starport Tech Lab  
  23  3:27  Armory, SCV  
  24  3:46  SCV  
  24  3:47  Starport  
  25  3:57  Missile Turret  
  25  4:11  Refinery  
Tags
 
Add a new tag
Caveats
  • Supply blocks, unpowered buildings, or Contaminate may cause inaccurate times.
  • Supply counts are checked every 10 seconds.